 Dungeon Crawl Stone Soup version 0.31.0-4-g52a2dc7128 (webtiles) character file.

Game seed: 17755529968467343363

16641 BeingJoeMalik the Arsonist (level 12, -23/80 HPs)
             Began as a Demonspawn Fire Elementalist on Jan 22, 2024.
             Was a High Priest of Hepliaklqana.
             Annihilated by Rupert
             ... wielding a +2 battleaxe of electrocution
              (25 damage)
             ... on level 12 of the Dungeon on Jan 23, 2024.
             The game lasted 00:49:26 (13772 turns).

BeingJoeMalik the Arsonist (DsFE)                  Turns: 13772, Time: 00:49:27

Health: -23/80     AC: 13    Str: 10    XL:     12   Next: 11%
Magic:  13/26      EV: 13    Int: 19    God:    Hepliaklqana [*****.]
Gold:   891        SH:  0    Dex: 14    Spells: 18/31 levels left

rFire   + . .        t - +1 dagger (flame)
rCold   . . .        (no shield)
rNeg    . . .        o - +1 robe {rC+}
rPois   .            f - +2 helmet
rElec   .            e - +0 cloak
rCorr   .            x - +0 pair of gloves
SInv    .            d - +0 pair of boots
Will    +....        m - amulet of faith
Stlth   ++           c - ring of willpower
HPRegen 0.33/turn    B - ring of fire
MPRegen 0.20/turn

%: faith
@: studying Throwing
A: reduced essence, molten scales 2, foul stench 1, spiny 2, demonic touch 1
a: Renounce Religion, Recall Ancestor, Ancestor Identity, Transference, Idealise


You were on level 12 of the Dungeon.
You worshipped Hepliaklqana.
Hepliaklqana was extremely pleased with you.
You visited 2 branches of the dungeon, and saw 13 of its levels.
You also visited: Sewer.

You collected 891 gold pieces.

Inventory:

Hand Weapons
 a - a +3 eveningstar
 t - a +1 dagger of flaming (weapon)
Missiles
 h - 14 poisoned darts
 M - a curare-tipped dart
Armour
 d - a +0 pair of boots (worn)
 e - a +0 cloak (worn)
 f - a +2 helmet (worn)
 o - a +1 robe of cold resistance (worn)
 x - a +0 pair of gloves (worn)
 E - +0 acid dragon scales
 N - a +2 robe of willpower
Magical Staves
 L - a staff of cold
Jewellery
 c - a ring of willpower (left hand)
 m - an amulet of faith (around neck)
 s - a +6 ring of strength
 B - a ring of fire (right hand)
 D - a ring of protection from cold
Wands
 b - a wand of light (16)
 l - a wand of charming (18)
 y - a wand of mindburst (4)
 z - a wand of polymorph (10)
 H - a wand of flame (6)
 K - a wand of iceblast (6)
Scrolls
 p - 2 scrolls of revelation
 q - 3 scrolls of vulnerability
 r - 3 scrolls of teleportation
 w - 2 scrolls of poison
 A - 3 scrolls of enchant weapon
 G - a scroll of identify
 J - 4 scrolls of enchant armour
 O - a scroll of summoning
 Q - a scroll of immolation
Potions
 g - 5 potions of enlightenment
 i - a potion of resistance
 j - a potion of lignification
 k - 4 potions of cancellation
 n - 3 potions of mutation
 u - 2 potions of haste
 v - 3 potions of heal wounds
 C - 2 potions of might
 F - 2 potions of brilliance
 I - a potion of curing
 P - a potion of attraction


   Skills:
 * Level 6.5 Fighting
 - Level 5.0 Armour
 * Level 3.6 Dodging
 - Level 1.7 Stealth
 + Level 10.4 Spellcasting
 + Level 7.3 Conjurations
 + Level 11.2 Fire Magic


You had 18 spell levels left.
You knew the following spells:

 Your Spells              Type           Power      Damage    Failure   Level
a - Foxfire               Conj/Fire      100%       2x1d9     1%          1
b - Scorch                Fire           100%       2d9       1%          2
c - Flame Wave            Conj/Fire      61%        2d14      1%          4
d - Inner Flame           Hex/Fire       46%        N/A       2%          3
e - Searing Ray           Conj           74%        2d7       1%          2
f - Magic Dart            Conj           100%       1d8       1%          1

Your spell library contained the following spells:

 Spells                   Type           Power      Damage    Failure   Level
 Static Discharge         Conj/Air       46%        3-5/arc   2%          2
 Volatile Blastmotes      Fire/Tloc      92%        2d17      2%          3
 Ensorcelled Hibernation  Hex/Ice        18%        N/A       11%         2
 Sublimation of Blood     Necr           9%         N/A       11%         2
 Brom's Barrelling Bould  Conj/Erth      23%        2d4       16%         4
 Fulminant Prism          Conj/Alch      11%        3d9       16%         4
 Fugue of the Fallen      Necr           9%         N/A       22%         3
 Tukima's Dance           Hex            9%         N/A       22%         3
 Irradiate                Conj/Alch      11%        3d15      41%         5
 Anguish                  Hex/Necr       4%         N/A       56%         4
 Passage of Golubria      Tloc           9%         N/A       56%         4
 Petrify                  Alch/Erth      9%         N/A       56%         4
 Freezing Cloud           Conj/Ice/Air   9%         6-21      58%         5
 Yara's Violent Unravell  Hex/Alch       4%         3d4       89%         5


Dungeon Overview and Level Annotations

Branches:
Dungeon (12/15)            Temple (1/1) D:5            Lair (0/5) D:8
    Orc (0/2) D:10          Sewer (visited)

Altars:
Ashenzari
Cheibriados
Dithmenos
Fedhas
Gozag
Hepliaklqana
Kikubaaqudgha
Makhleb
Nemelex Xobeh
Okawaru
Qazlal
Ru
Sif Muna
Trog
Uskayaw
Vehumet
Wu Jian
Xom
Yredelemnul

Shops:
D:4 *

Annotations:
D:12 Rupert


Innate Abilities, Weirdness & Mutations

Your life essence is reduced to manifest your ancestor. (-10% HP)
You are mostly covered in molten scales. (AC +3)
You may rarely emit foul miasma when damaged in melee.
You are mostly covered in sharp spines.
Your touch may inflict minor irresistible damage on your foes.


Message History

Rupert is severely wounded.
Rupert is struck by your spines. Rupert closely misses you.
Rupert misses Nhalahla.
Rupert hits you with a +2 battleaxe of electrocution!!!
* * * LOW HITPOINT WARNING * * *
You are electrocuted!
* * * LOW HITPOINT WARNING * * *
Rupert hits Nhalahla with a +2 battleaxe of electrocution!
Nhalahla barely misses Rupert.
Unknown command.
Okay, then.
Unknown command.
Unknown command.
Unknown command.
Casting: Scorch (safe; 1% risk of failure)
Confirm with . or Enter, or press ? or * to list all spells.
Aiming: Magic Dart (safe; 1% risk of failure)
Press: ? - help, Shift-Dir - straight line, f/p - Rupert
Aim: Rupert, wielding a +2 battleaxe of electrocution and wearing a +0 chain mail (severely wounded, berserk, more vulnerable to fire, ally target, 100% to hit)
Okay, then.
Unknown command.
Casting: Magic Dart (safe; 1% risk of failure)
Confirm with . or Enter, or press ? or * to list all spells.
Casting: Flame Wave (dangerous; 1% risk of failure)
Press: ? - help, Dir - look around, f - activate You feel a surge of power!
A wave of flame ripples out!
The flame wave engulfs Rupert.
Rupert is burned terribly!
Rupert is almost dead. (Press . to intensify the flame waves.) Rupert barely misses you.
Rupert hits Nhalahla with a +2 battleaxe of electrocution.
Nhalahla hits Rupert with a +0 quarterstaff!!
Unknown command.
A wave of flame ripples out!
The flame wave engulfs Rupert but does no damage.
Rupert is almost dead.
Nhalahla avoids your attack. Rupert is struck by your spines.
Rupert hits you with a +2 battleaxe of electrocution!!
You die...
Rupert roars with triumph.

#.# #.# #.# #.# #.# #(# #.#
#.# #.# #.# #.# #.# #.# #.#
#.# #.###.####.# #.########
#...†......# #.........
#.###†###..#########.########
#........@@R.....#...@..
#####.######.#.....#
#............###
##############


You could see the friendly Nhalahla the battlemage and Rupert (berserk,
combustible, ally target).

Vanquished Creatures
  Erolcha (D:11)
  A hydra (D:11)
  3 two-headed ogres
  An unseen horror (D:11)
  3 komodo dragons
  Psyche (D:11)
  A kobold demonologist (D:11)
  3 trolls
  4 yaks
  A shadow (D:10)
  2 wraiths (D:10)
  2 wyverns (D:8)
  A yak (shapeshifter) (D:11)
  2 steam dragons
  2 vampire mosquitoes
  3 acid dragons
  3 water moccasins
  2 black bears
  A sky beast (D:8)
  4 orc warriors (D:10)
  An ice beast (D:8)
  A crocodile (Sewer)
  An ogre (D:6)
  5 centaurs
  A kobold brigand (D:8)
  3 bullfrogs
  2 gnoll sergeants
  3 scorpions
  3 wights
  3 killer bees (D:9)
  4 howler monkeys
  A bombardier beetle (D:5)
  2 jellies
  4 hounds
  8 orc priests
  A gnoll bouda (D:5)
  A sleepcap (D:5)
  An iguana (D:5)
  4 orc wizards
  16 gnolls
  8 adders
  A shadow imp (D:7)
  2 white imps (D:8)
  2 ribbon worms (D:2)
  32 orcs
  5 ball pythons
  8 endoplasms
  3 giant cockroaches
  4 goblins
  5 hobgoblins
  9 jackals
  2 quokkas
  13 bats
  3 frilled lizards
  9 kobolds
  4 rats
216 creatures vanquished.

Vanquished Creatures (collateral kills)
  2 two-headed ogres
  Urug (D:10)
  A deep elf pyromancer (D:9)
  A gargoyle (D:10)
  A troll (D:10)
  A wraith (D:11)
  A yak (D:8)
  A wyvern (D:8)
  2 basilisks (D:8)
  A steam dragon (D:10)
  5 vampire mosquitoes
  2 acid dragons
  A swamp drake (D:8)
  3 orc warriors
  A centaur (D:8)
  A kobold brigand (D:11)
  5 bullfrogs
  2 wights (D:9)
  A killer bee (D:9)
  3 howler monkeys
  5 orc priests
  7 orc wizards
  2 gnolls
  A white imp (D:8)
  9 orcs
60 creatures vanquished.

Vanquished Creatures (others)
  6 battlemagi
  2 ancestors (D:8)
  659 foxfires
667 creatures vanquished.

Grand Total: 943 creatures vanquished

Notes
Turn   | Place    | Note
-------+----------+-------------------------------------------
     0 | D:1      | BeingJoeMalik the Demonspawn Fire Elementalist began the
                  | quest for the Orb.
     0 | D:1      | Reached XP level 1. HP: 13/13 MP: 3/3
   244 | D:1      | Gained mutation: Your touch may inflict minor irresistible
                  | damage on your foes. [demonic ancestry]
   244 | D:1      | Reached XP level 2. HP: 19/19 MP: 1/5
   247 | D:1      | Learned a level 2 spell: Scorch
   533 | D:1      | Reached skill level 3 in Fire Magic
   686 | D:1      | Got the Lectures on Conjuring
   888 | D:2      | Gained mutation: You are partially covered in molten
                  | scales. (AC +2) [demonic ancestry]
   888 | D:2      | Reached XP level 3. HP: 24/24 MP: 0/6
  1502 | D:2      | Reached XP level 4. HP: 30/30 MP: 2/7
  1957 | D:3      | Reached skill level 4 in Fire Magic
  2027 | D:3      | Found a glowing drain.
  2099 | Sewer    | Entered a sewer
  2110 | Sewer    | Gained mutation: You are mostly covered in molten scales.
                  | (AC +3) [demonic ancestry]
  2110 | Sewer    | Reached XP level 5. HP: 35/35 MP: 5/8
  2185 | Sewer    | Learned a level 4 spell: Flame Wave
  2229 | Sewer    | Noticed a crocodile
  2245 | Sewer    | Killed a crocodile
  2559 | D:3      | Reached XP level 6. HP: 41/41 MP: 4/9
  2722 | D:3      | Reached skill level 5 in Fire Magic
  3921 | D:4      | Found Leojeomm's Gadget Gallery.
  4062 | D:4      | Reached XP level 7. HP: 46/46 MP: 5/10
  4218 | D:5      | Entered Level 5 of the Dungeon
  4466 | D:5      | Reached skill level 5 in Conjurations
  4614 | D:5      | Found a staircase to the Ecumenical Temple.
  4623 | Temple   | Entered the Ecumenical Temple
  4639 | Temple   | Became a worshipper of Hepliaklqana the Forgotten
  4731 | D:5      | Reached skill level 6 in Fire Magic
  5322 | D:5      | Reached XP level 8. HP: 43/52 MP: 0/13
  5891 | D:6      | Reached * piety under Hepliaklqana
  5994 | D:6      | Reached skill level 7 in Fire Magic
  6695 | D:7      | Reached skill level 5 in Spellcasting
  6709 | D:7      | Learned a level 3 spell: Inner Flame
  6771 | D:7      | Reached ** piety under Hepliaklqana
  7202 | D:7      | Gained mutation: You are partially covered in sharp spines.
                  | [demonic ancestry]
  7202 | D:7      | Reached XP level 9. HP: 51/51 MP: 0/18
  7392 | D:8      | Reached skill level 8 in Fire Magic
  7471 | D:8      | Reached skill level 1 in Fighting
  7546 | D:8      | Reached skill level 1 in Armour
  7813 | D:8      | Gained mutation: You are mostly covered in sharp spines.
                  | [demonic ancestry]
  7813 | D:8      | Reached XP level 10. HP: 21/63 MP: 4/21
  8303 | D:8      | Reached *** piety under Hepliaklqana
  8318 | D:8      | Remembered your ancestor Nhalahla as a battlemage
  8429 | D:8      | Reached skill level 9 in Fire Magic
  8475 | D:8      | Noticed a two-headed ogre
  8482 | D:8      | Killed a two-headed ogre
  9048 | D:8      | Found a staircase to the Lair.
  9594 | D:9      | Noticed a two-headed ogre
  9602 | D:9      | Killed a two-headed ogre
  9802 | D:9      | Noticed a two-headed ogre
  9805 | D:9      | Killed a two-headed ogre
 10188 | D:9      | Reached **** piety under Hepliaklqana
 10269 | D:9      | Noticed a deep elf pyromancer
 10278 | D:9      | Killed a deep elf pyromancer
 10279 | D:9      | Reached skill level 10 in Fire Magic
 10279 | D:9      | Reached XP level 11. HP: 44/70 MP: 16/23
 10357 | D:9      | Reached skill level 5 in Fighting
 10671 | D:9      | Learned a level 2 spell: Searing Ray
 10787 | D:10     | Entered Level 10 of the Dungeon
 10919 | D:10     | Learned a level 1 spell: Magic Dart
 11139 | D:10     | Reached skill level 5 in Armour
 11308 | D:10     | Reached ***** piety under Hepliaklqana
 11475 | D:10     | Identified the +1 ring mail of the Lute {+Blink +Inv rPois
                  | Str-4}
 11517 | D:10     | Found a stormy altar of Qazlal.
 11629 | D:10     | Found a staircase to the Orcish Mines.
 11818 | D:10     | Noticed Urug
 11939 | D:10     | Killed Urug
 12143 | D:11     | Noticed a two-headed ogre
 12243 | D:11     | Noticed Erolcha
 12253 | D:11     | Killed Erolcha
 12286 | D:11     | Killed a two-headed ogre
 12369 | D:11     | Noticed a six-headed hydra
 12374 | D:11     | Killed a six-headed hydra
 12375 | D:11     | Reached skill level 10 in Spellcasting
 12709 | D:11     | Noticed Psyche
 12715 | D:11     | Killed Psyche
 12860 | D:10     | Reached skill level 11 in Fire Magic
 13225 | D:11     | Gained mutation: You may rarely emit foul miasma when
                  | damaged in melee. [demonic ancestry]
 13225 | D:11     | Reached XP level 12. HP: 80/80 MP: 19/26
 13625 | D:12     | Noticed a two-headed ogre
 13631 | D:12     | Killed a two-headed ogre
 13754 | D:12     | Noticed Rupert
 13754 | D:12     | Paralysed by Rupert for 2 turns
 13770 | D:12     | HP: 2/80 [Rupert/+2 battleaxe of electrocution (16)]
 13772 | D:12     | Annihilated by Rupert

Illustrated notes

Levels and vault maps discovered:
D:1:      mainiacjoe_arrival_oval_in_oval, layout_rooms
D:2:      layout_basic
D:3:      layout_rooms, portal_sewer_entry_d, dk_vineyard_2
D:4:      layout_loops_corners, grunt_decor_one_mirror, st_stairs_1,
          nicolae_shop_gadgets
D:5:      layout_basic, minmay_temple_entry_gardened_gates
D:6:      layout_cave_pods, nicolae_letterblocks [nicolae_letter_subblock,
          nicolae_letter_subblock, nicolae_letter_subblock,
          nicolae_letter_subblock, nicolae_letter_subblock,
          nicolae_letter_subblock, nicolae_letter_subblock,
          nicolae_letter_subblock, nicolae_letter_subblock,
          nicolae_letter_subblock, nicolae_letter_subblock,
          nicolae_letter_subblock, nicolae_letter_subblock,
          nicolae_letter_subblock, nicolae_letter_subblock,
          nicolae_letter_subblock, nicolae_letter_subblock,
          nicolae_letter_subblock, nicolae_letter_subblock,
          nicolae_letter_subblock, nicolae_letter_subblock,
          nicolae_letter_subblock, nicolae_letter_subblock,
          nicolae_letter_subblock, nicolae_letter_subblock]
D:7:      layout_cave_pools
D:8:      layout_layer_cave, erik_lair_dragon, minmay_alternating_orb
D:9:      layout_irregular_city, uniq_maggie
D:10:     layout_cave_pools, nicolae_qazlal_style_of_elements, david_orc_4,
          minmay_quadrilaterals, uniq_urug
D:11:     layout_layer_cave, corexii_checkpoint, uniq_erolcha, uniq_psyche
D:12:     layout_loops_ring, minmay_diced_spiral, uniq_rupert
Temple:   mainiacjoe_temple_hex_bubbles

Skill      XL: |  1  2  3  4  5  6  7  8  9 10 11 |
---------------+----------------------------------+-----
Conjurations   | 2 3 4 5 6 7 |  7.3
Fire Magic     | 3 4 5 6 7 8 10 11 | 11.2
Spellcasting   | 3 6 7 8 10 | 10.4
Fighting       | 3 4 6 |  6.5
Armour         | 2 4 5 |  5.0
Dodging        | 3 |  3.6
Stealth        | |  1.7

Action                     |  1- 3 |  4- 6 |  7- 9 | 10-12 || total
---------------------------+-------+-------+-------+-------++-------
  Melee: Unarmed           |    11 |    11 |     3 |       ||    25
         Touch             |     3 |     2 |    12 |     1 ||    18
         Dagger            |       |       |    45 |     4 ||    49
   Cast: Foxfire           |    65 |    79 |   103 |   138 ||   385
         Scorch            |     1 |    14 |    56 |    92 ||   163
         Magic Dart        |       |       |       |     5 ||     5
         Flame Wave        |       |       |       |     4 ||     4
         Searing Ray       |       |       |       |     1 ||     1
 Invoke: Ancestor Life: Ba |       |       |       |     1 ||     1
         Recall Ancestor   |       |       |       |     2 ||     2
    Use: Scroll            |       |     8 |     5 |    11 ||    24
         Potion            |       |       |     3 |     2 ||     5
   Stab: Distracted        |       |       |     1 |     1 ||     2
 Armour: Robe              |    16 |    15 |    39 |    23 ||    93
         Acid dragon scale |       |       |    47 |    39 ||    86
  Dodge: Dodged            |    19 |    31 |    59 |    35 ||   144
